Map: Deathaura LE

Players

MaruKondo

  • Race: Protoss Protoss
  • League: Master
  • Spawn Location: 5:00

A.I. 1 (Very Easy) - Winner!

  • Race: Zerg Zerg
  • Spawn Location: 11:00

VOD

https://www.youtube.com/watch?v=uL5uZTCwPcs

Description

Very safe PvZ build order that gives you tons of map vision and control over the game and eliminating annoying possibilities like muta play.

Time

  • Played on: July 25, 2020, 1:48 p.m.
  • Length: 12:34
Show
View Real Time Build Order
Export as new Build Order

MaruKondo Protoss 

Build Orders: 1 Gate Expand, Phoenix Opening, Mass Phoenix 

Get SALT Encoding   

  12  0:00  Probe  
  13  0:13  Probe  
  14  0:18  Pylon  
  14  0:25  Probe  
  15  0:33  Probe  
  15  0:38  Gateway  
  15  0:41  Probe  
  16  0:47  Assimilator  
  17  0:54  Probe  
  18  1:06  Probe  
  19  1:18  Probe  
  19  1:24  Nexus  
  20  1:34  Cybernetics Core  
  20  1:37  Probe  
  21  1:43  Assimilator  
  21  1:50  Probe  
  21  1:53  Pylon  
  22  2:01  Adept  
  22  2:02  Probe  
  23  2:10  Probe  
  26  2:18  Probe  
  26  2:19  Stargate  
  27  2:23  Adept  
  27  2:28  Warp Gate, Probe  
  30  2:38  Probe  
  30  2:40  Probe  
  32  2:51  Probe  
  33  2:52  Adept, Probe  
  36  3:00  Pylon  
  36  3:03  Probe  
  36  3:04  Probe  
  41  3:15  Probe  
  41  3:16  Probe  
  43  3:23  Pylon  
  43  3:27  Probe  
  43  3:29  Probe  
  43  3:31  Phoenix  
  43  3:32  Gateway  
  45  3:39  Probe  
  45  3:41  Probe  
  49  3:47  Assimilator  
  49  3:48  Assimilator  
  49  3:51  Probe  
  49  3:53  Probe  
  51  3:59  Stargate  
  51  4:03  Probe  
  51  4:05  Probe  
  53  4:11  Pylon  
  53  4:15  Phoenix, Probe, Pylon  
  56  4:17  Probe  
  57  4:27  Probe  
  58  4:35  Phoenix x2  
  58  4:37  Nexus  
  58  4:38  Pylon  
  58  4:40  Probe x2  
  64  4:52  Probe x2  
  66  4:58  Phoenix x2  
  66  4:59  Shield Battery  
  66  5:04  Probe  
  66  5:05  Probe  
  72  5:16  Probe  
  72  5:17  Pylon, Probe  
  74  5:23  Phoenix x2  
  78  5:29  Probe x2  
  78  5:30  Robotics Facility  
  78  5:31  Robotics Facility  
  80  5:41  Twilight Council, Probe x2  
  80  5:42  Forge  
  83  5:50  Assimilator  
  83  5:52  Assimilator  
  83  5:53  Probe x2  
  85  6:01  Sentry x2  
  89  6:07  Probe x2  
  89  6:10  Probe  
  91  6:15  Immortal x2  
  91  6:19  Probe x2  
  91  6:23  Probe  
  91  6:24  Pylon  
  102  6:26  Pylon  
  102  6:27  Pylon  
  102  6:31  Probe  
  102  6:32  Protoss Ground Weapons Level 1  
  103  6:33  Charge  
  103  6:39  Gateway  
  103  6:40  Gateway  
  103  6:48  Immortal x2  
  103  6:51  Sentry x2  
  115  7:01  Pylon  
  115  7:02  Pylon  
  115  7:03  Pylon  
  115  7:10  Gateway  
  115  7:11  Gateway  
  115  7:18  Photon Cannon  
  115  7:23  Photon Cannon  
  115  7:24  Warp Prism  
  115  7:26  Templar Archives, Observer  
  118  7:37  Nexus  
  118  7:40  Pylon  
  118  7:42  Observer  
  118  7:45  Pylon  
  119  7:52  Immortal  
  119  7:57  Immortal  
  127  8:10  Gateway  
  127  8:11  Gateway  
  127  8:15  Gateway  
  127  8:18  Photon Cannon  
  127  8:20  Photon Cannon  
  127  8:24  Gateway  
  127  8:25  Photon Cannon  
  127  8:26  Psionic Storm  
  127  8:27  High Templar x6, Photon Cannon  
  127  8:32  Protoss Ground Weapons Level 2  
  127  8:33  Assimilator  
  139  8:35  Immortal x2  
  139  8:36  Assimilator  
  147  8:51  Probe x4  
  151  9:03  Probe x4  
  155  9:12  Immortal x2  
  155  9:16  Fleet Beacon  
  163  9:28  Shield Battery  
  163  9:30  Shield Battery  
  163  9:31  High Templar x2  
  167  9:43  Immortal  
  167  9:44  Immortal  
  167  9:52  Carrier  
  175  9:54  Nexus  
  175  9:57  Pylon  
  175  9:58  Pylon  
  187  10:12  Protoss Air Weapons Level 1  
  187  10:14  Carrier  
  187  10:16  Shield Battery  
  187  10:24  Photon Cannon x2  
  187  10:27  Assimilator, Photon Cannon  
  187  10:28  Photon Cannon  
  187  10:30  Assimilator  
  187  10:34  High Templar x2  
  191  10:56  Photon Cannon  
  191  10:57  Photon Cannon  
  191  11:00  Pylon x2, Shield Battery  
  191  11:07  High Templar  
  191  11:08  High Templar x3  
  199  11:12  Archon x2, Observer  
  199  11:39  Shield Battery  
  199  11:42  Shield Battery  
  199  11:46  Photon Cannon x2  
  199  11:48  Photon Cannon  
  199  11:50  Photon Cannon  
  199  11:51  Photon Cannon  
  199  12:03  Forge  
  199  12:10  Cybernetics Core  
Show
View Real Time Build Order
Export as new Build Order

A.I. 1 (Very Easy) Zerg - Winner!

Build Orders: Hatch First 

Get SALT Encoding   

  12  0:01  Drone  
  13  0:12  Overlord  
  13  0:16  Drone  
  14  0:40  Hatchery  
  13  0:45  Drone  
  14  1:04  Spawning Pool  
  14  1:05  Extractor  
  14  1:07  Drone  
  13  1:14  Drone  
  14  1:20  Overlord  
  14  1:51  Queen  
  14  1:52  Zergling x2  
  14  1:53  Zergling x2  
  18  2:01  Roach Warren  
  17  2:02  Extractor  
  17  2:05  Drone  
  17  2:13  Drone  
  19  2:15  Zergling x2  
  19  2:20  Drone  
  20  2:27  Drone  
  21  2:34  Drone  
  22  2:41  Drone  
  23  2:48  Drone  
  24  2:56  Lair, Drone  
  25  3:03  Drone  
  25  3:27  Drone  
  25  3:33  Zergling x2  
  27  3:34  Drone  
  27  3:40  Overlord  
  28  3:45  Drone  
  29  3:52  Drone  
  29  3:55  Spire  
  29  3:59  Drone  
  30  4:03  Overseer  
  30  4:06  Drone  
  30  4:09  Overseer  
  31  4:13  Drone  
  32  4:21  Drone  
  32  4:22  Overlord  
  33  4:28  Drone  
  34  4:35  Drone  
  34  4:37  Extractor  
  34  4:42  Drone  
  35  4:48  Extractor  
  35  4:50  Drone  
  35  4:57  Drone  
  36  5:04  Drone  
  37  5:07  Mutalisk  
  37  5:11  Drone  
  40  5:18  Drone  
  41  5:26  Drone  
  42  5:33  Drone  
  42  5:34  Overlord  
  43  5:40  Drone  
  44  5:47  Drone  
  44  5:48  Mutalisk  
  47  5:54  Drone  
  48  6:02  Drone  
  49  10:40  Pneumatized Carapace  
  49  10:42  Corruptor, Overseer  
  49  10:43  Infestation Pit  
  49  10:45  Drone  
  44  11:17  Zergling x2  
  45  11:56  Overseer, Overlord  
  45  12:10  Hatchery  
Tags
 
Add a new tag
Caveats
  • Supply blocks, unpowered buildings, or Contaminate may cause inaccurate times.
  • Supply counts are checked every 10 seconds.